 Dungeon Crawl Stone Soup version 0.29.0-4-gdea44cf6ec (webtiles) character file.

Game seed: 4419157940673786090

1411 qw the Grappler (level 8, 0/78 HPs)
             Began as a Troll Cinder Acolyte on Aug 31, 2022.
             Was a Priest of Ignis.
             Slain by an orc wizard
             ... wielding a +0 dagger
              (1 damage)
             ... on level 6 of the Dungeon.
             The game lasted 00:01:46 (3827 turns).

qw the Grappler (Troll Cinder Acolyte)              Turns: 3827, Time: 00:01:46

Health: 0/78       AC: 15    Str: 31    XL:     8   Next: 43%
Magic:  8/8        EV:  9    Int: 10    God:    Ignis [***...]
Gold:   223        SH:  0    Dex:  5    Spells: 9/9 levels left

rFire   + . .      SeeInvis .     - Unarmed
rCold   . . .      Faith    .   (no shield)
rNeg    + + +      Spirit   .   c - +1 robe of the Demon Prince {rN+++ Str+6 Dex-4 Stlth-}
rPois   +          Reflect  .   a - +1 hat of the Vacuum {rPois Dex+4 Slay+2 Stlth-}
rElec   .          Harm     .   b - +1 cloak
rCorr   .          Rampage  .   (gloves unavailable)
Will    .....                   (boots unavailable)
Stlth   ..........              (no amulet)
HPRegen 1.03/turn               (no ring)
MPRegen 0.11/turn               (no ring)

@: about to teleport, fiery-armoured
A: large, unfitting armour, claws 3, regeneration 1, shaggy fur 1, tough skin 1
a: Renounce Religion, Fiery Armour, Foxfire Swarm, Rising Flame


You were on level 6 of the Dungeon.
You worshipped Ignis.
Ignis was most pleased with you.
You visited 1 branch of the dungeon, and saw 6 of its levels.

You collected 223 gold pieces.


Innate Abilities, Weirdness & Mutations

You are too large for most types of armour.
You have claws for hands.
Your natural rate of healing is unusually fast.
You are covered in fur. (AC +1)
You have tough skin. (AC +1)


   Skills:
 + Level 3.9 Fighting
 - Level 1.2 Throwing
 - Level 1.0 Dodging
 - Level 10.0 Unarmed Combat
 - Level 1.0 Spellcasting
 - Level 2.1 Fire Magic


You had 9 spell levels left.
You didn't know any spells.
Your spell library contained the following spells:

 Spells                   Type           Power      Damage    Failure   Level
 Scorch                   Fire           8%         2d5       22%         2

Inventory:

Missiles
 e - 5 boomerangs (quivered)
Armour
 a - the +1 hat of the Vacuum (worn) {rPois Dex+4 Slay+2 Stlth-}
   (You acquired it on level 3 of the Dungeon)

   Dex:       It affects your dexterity (+4).
   Slay:      It affects your accuracy & damage with ranged weapons and melee
   (+2).
   rPois:     It protects you from poison.
   Stlth:     It makes you less stealthy.
 b - a +1 cloak (worn)
 c - the +1 robe of the Demon Prince (worn) {rN+++ Str+6 Dex-4 Stlth-}
   (You found it on level 3 of the Dungeon)

   Str:       It affects your strength (+6).
   Dex:       It affects your dexterity (-4).
   rN:        It renders you almost immune to negative energy.
   Stlth:     It makes you less stealthy.
 j - a +2 robe of willpower
Scrolls
 p - a scroll of identify
Potions
 f - a potion of might
 g - 2 potions of haste
 h - a potion of invisibility {unknown}
 k - a potion of attraction {unknown}
 l - a potion of ambrosia {unknown}
 o - a potion of curing {unknown}

Dungeon Overview and Level Annotations

Branches:
Dungeon (6/15)
 Temple: D:4-7

Altars:
Ashenzari
Cheibriados
Dithmenos
Gozag
Okawaru
Qazlal
Uskayaw
Wu Jian


Message History

The phantom barely misses you.
The orc warrior hits you from afar with a +0 glaive!!
3820 ||| INVOKING Fiery Armour.
A protective cloak of flame settles atop you.
The phantom hits you but does no damage.
The phantom is burned by your cloak of flames.
The phantom is lightly damaged.
The orc warrior misses you.
You mangle the phantom!!
You destroy the phantom!
The orc warrior hits you from afar with a +0 glaive.
You scratch the orc.
The orc is almost dead.
You claw the orc!
You kill the orc!
The orc warrior hits you from afar with a +0 glaive!
3824 ||| READING scroll of teleportation.
As you read the scroll of teleportation, it crumbles to dust.
You feel strangely unstable. The orc warrior closely misses you.
The orc wizard hits you but does no damage.
The orc wizard is burned by your cloak of flames.
The orc wizard is moderately wounded.
You scratch the orc wizard.
The orc wizard is heavily wounded.
The orc warrior hits you from afar with a +0 glaive!
The orc wizard hits you but does no damage.
The orc wizard is burned by your cloak of flames.
The orc wizard is severely wounded.
You closely miss the orc wizard.
The orc wizard is severely wounded.
The orc warrior misses you.
The orc wizard hits you but does no damage.
The orc wizard is burned by your cloak of flames.
The orc wizard is almost dead.
You closely miss the orc wizard.
The orc wizard is almost dead.
The orc warrior hits you from afar with a +0 glaive.
The orc wizard hits you with a +0 dagger.
You die...

....... .... +.......
#.... ####......#
#.... ..##......#
#.#.. #.##......#
.... #.##......#
##.#.. #.##......#
#...oo###.........#
#@....#..##'##
+.....'..##.######
#.....##..#.......
.............#####.
.............)....+.
#.##.....##.....####.
#.. +.....+..##..##
#. .. #.....#####...#
#. ... #.#.###.


You could see an orc warrior and an orc wizard.

Vanquished Creatures
  Grinder (D:5)
  2 ice beasts
  2 ogres
  A centaur (D:5)
  2 phantoms
  Blork the orc (D:5)
  3 scorpions
  An orc priest (D:6)
  Terence (D:2)
  Jessica (D:3)
  An iguana (D:3)
  4 orc wizards (D:6)
  10 gnolls (D:4)
  An adder (D:5)
  A white imp (D:5)
  An ufetubus (D:4)
  3 dart slugs (D:1)
  13 orcs
  6 endoplasms
  A giant cockroach (D:1)
  5 hobgoblins
  A quokka (D:3)
  5 ball pythons
  5 bats
  5 frilled lizards
  4 goblins
  7 kobolds
  3 rats
91 creatures vanquished.

Notes
Turn   | Place    | Note
-------+----------+-------------------------------------------
     0 | D:1      | qw the Troll Cinder Acolyte began the quest for the Orb.
     0 | D:1      | Reached XP level 1. HP: 22/22 MP: 1/1
     0 | D:1      | 0 ||| qw: Version: 0.1-a-97-g2dd2ca4
     0 | D:1      | 0 ||| qw: Game counter: 4522
     0 | D:1      | 0 ||| qw: Always use a shield: true
     0 | D:1      | 0 ||| qw: God list: Okawaru
     0 | D:1      | 0 ||| qw: Allow faded altars: false
     0 | D:1      | 0 ||| qw: Do Orc after D:15 true
     0 | D:1      | 0 ||| qw: Do second Lair branch before Depths: true
     0 | D:1      | 0 ||| qw: Lair rune preference: random
     0 | D:1      | 0 ||| qw: Plans: Normal
     0 | D:1      | 0 ||| PLANNING D:1-11
    38 | D:1      | 38 ||| Stepping ~*~*~tactically~*~*~ (hiding).
    39 | D:1      | 39 ||| Stepping ~*~*~tactically~*~*~ (hiding).
    78 | D:1      | Found a faded altar of an unknown god.
   219 | D:1      | 219 ||| Stepping ~*~*~tactically~*~*~ (stealth).
   241 | D:1      | 241 ||| Stepping ~*~*~tactically~*~*~ (hiding).
   251 | D:1      | Reached XP level 2. HP: 29/29 MP: 2/2
   269 | D:1      | 269 ||| Stepping ~*~*~tactically~*~*~ (stealth).
   348 | D:1      | 348 ||| Stepping ~*~*~tactically~*~*~ (outnumbered).
   349 | D:1      | 349 ||| Stepping ~*~*~tactically~*~*~ (outnumbered).
   350 | D:1      | 350 ||| INVOKING Fiery Armour.
   354 | D:1      | Reached skill level 4 in Unarmed Combat
   677 | D:1      | 677 ||| READING scroll labelled BESMIR KEHUMEU.
   678 | D:1      | 678 ||| READING scroll labelled TUDAEDWU SIYL.
   728 | D:2      | Identified the +4 quarterstaff of Diet Blood {venom, Will+
                  | Str-5 Dex+2}
   878 | D:2      | Reached XP level 3. HP: 36/36 MP: 3/3
   964 | D:2      | 964 ||| Stepping ~*~*~tactically~*~*~ (outnumbered).
   965 | D:2      | 965 ||| Stepping ~*~*~tactically~*~*~ (outnumbered).
   991 | D:2      | Noticed Terence
  1001 | D:2      | Killed Terence
  1320 | D:2      | 1320 ||| UPGRADING to +1 cloak.
  1325 | D:2      | 1325 ||| DROPPING ring of wizardry.
  1326 | D:2      | 1326 ||| READING 2 scrolls labelled MOKUIN RYDGHEA.
  1327 | D:2      | 1327 ||| READING scroll labelled PIXKEZ DANOE.
  1328 | D:2      | 1328 ||| DROPPING scroll of vulnerability.
  1365 | D:3      | Noticed an ice beast
  1370 | D:3      | HP: 9/36 [ice beast (13)]
  1371 | D:3      | 1371 ||| INVOKING Fiery Armour.
  1377 | D:3      | Killed an ice beast
  1378 | D:3      | Reached skill level 5 in Unarmed Combat
  1378 | D:3      | Reached XP level 4. HP: 18/44 MP: 4/4
  1378 | D:3      | Reached XP level 5. HP: 21/50 MP: 5/5
  1418 | D:3      | Reached skill level 6 in Unarmed Combat
  1452 | D:3      | Identified the +1 robe of the Demon Prince {rN+++ Str+6
                  | Dex-4 Stlth-}
  1819 | D:3      | Noticed Jessica
  1820 | D:3      | 1820 ||| Stepping ~*~*~tactically~*~*~ (hiding).
  1821 | D:3      | 1821 ||| Stepping ~*~*~tactically~*~*~ (hiding).
  1830 | D:3      | 1830 ||| INVOKING Fiery Armour.
  1831 | D:3      | Killed Jessica
  1995 | D:3      | Found an ornate altar of the Wu Jian Council.
  1998 | D:3      | Found a snail-covered altar of Cheibriados.
  1999 | D:3      | Found a hide-covered altar of Uskayaw.
  1999 | D:3      | Found an opulent altar of Gozag.
  2000 | D:3      | Found a stormy altar of Qazlal.
  2001 | D:3      | Found a broken altar of Ashenzari.
  2002 | D:3      | Found an iron altar of Okawaru.
  2037 | D:3      | 2037 ||| UPGRADING to +2 robe of willpower.
  2047 | D:3      | 2047 ||| DROPPING +0 robe.
  2048 | D:3      | 2048 ||| READING scroll labelled EHULLAOWIV.
  2049 | D:3      | 2049 ||| READING scroll labelled FICKICW BAOTA.
  2049 | D:3      | Identified a scroll of acquirement
  2049 | D:3      | 2049 ||| ACQUIRING +1 hat of the Vacuum {rPois Dex+4 Slay+2
                  | Stlth-}
  2049 | D:3      | Acquired the +1 hat of the Vacuum {rPois Dex+4 Slay+2
                  | Stlth-}
  2051 | D:3      | 2051 ||| UPGRADING to +1 hat of the Vacuum {rPois Dex+4
                  | Slay+2 Stlth-}.
  2056 | D:3      | 2056 ||| UPGRADING to +1 robe of the Demon Prince {rN+++
                  | Str+6 Dex-4 Stlth-}.
  2066 | D:3      | 2066 ||| READING scroll labelled ELA RYN FASCHU.
  2070 | D:3      | 2070 ||| DRINKING 2 smoky inky potions.
  2071 | D:3      | 2071 ||| UPGRADING to +2 robe of willpower.
  2081 | D:3      | 2081 ||| DROPPING potion of degeneration.
  2225 | D:4      | 2225 ||| Stepping ~*~*~tactically~*~*~ (stealth).
  2227 | D:4      | 2227 ||| Stepping ~*~*~tactically~*~*~ (hiding).
  2232 | D:4      | 2232 ||| INVOKING Fiery Armour.
  2288 | D:4      | 2288 ||| Stepping ~*~*~tactically~*~*~ (stealth).
  2292 | D:4      | 2292 ||| Stepping ~*~*~tactically~*~*~ (outnumbered).
  2295 | D:4      | Reached XP level 6. HP: 59/59 MP: 6/6
  2346 | D:4      | 2346 ||| Stepping ~*~*~tactically~*~*~ (hiding).
  2347 | D:4      | 2347 ||| INVOKING Fiery Armour.
  2357 | D:4      | Reached skill level 7 in Unarmed Combat
  2489 | D:4      | 2489 ||| INVOKING Fiery Armour.
  2502 | D:4      | 2502 ||| FLEEEEING.
  2503 | D:4      | 2503 ||| FLEEEEING.
  2504 | D:4      | 2504 ||| FLEEEEING.
  2505 | D:4      | 2505 ||| FLEEEEING.
  2506 | D:4      | 2506 ||| FLEEEEING.
  2508 | D:4      | 2508 ||| FLEEEEING.
  2509 | D:4      | 2509 ||| FLEEEEING.
  2512 | D:4      | Reached skill level 1 in Dodging
  2967 | D:4      | 2967 ||| DRINKING 2 golden potions.
  3000 | D:4      | 3000 ||| DRINKING 3 grey potions.
  3105 | D:4      | 3105 ||| DROPPING potion of lignification.
  3106 | D:4      | 3106 ||| DROPPING 2 potions of berserk rage.
  3113 | D:5      | Entered Level 5 of the Dungeon
  3122 | D:5      | Noticed Grinder
  3128 | D:5      | 3128 ||| Stepping ~*~*~tactically~*~*~ (hiding).
  3139 | D:5      | Killed Grinder
  3140 | D:5      | Reached skill level 8 in Unarmed Combat
  3140 | D:5      | Reached XP level 7. HP: 66/66 MP: 7/7
  3187 | D:5      | Found a shadowy altar of Dithmenos.
  3194 | D:5      | Noticed Blork the orc
  3202 | D:5      | Killed Blork the orc
  3203 | D:5      | Reached skill level 3 in Fighting
  3547 | D:5      | Reached skill level 9 in Unarmed Combat
  3547 | D:5      | Reached XP level 8. HP: 75/75 MP: 8/8
  3620 | D:5      | Reached skill level 1 in Throwing
  3625 | D:5      | 3625 ||| UPGRADING to +1 robe of the Demon Prince {rN+++
                  | Str+6 Dex-4 Stlth-}.
  3635 | D:5      | 3635 ||| READING 3 scrolls of identify.
  3635 | D:5      | 3635 ||| IDENTIFYING purple potion
  3636 | D:5      | 3636 ||| READING 2 scrolls of identify.
  3636 | D:5      | 3636 ||| IDENTIFYING fuming yellow potion
  3637 | D:5      | 3637 ||| DROPPING potion of brilliance.
  3681 | D:6      | 3681 ||| Stepping ~*~*~tactically~*~*~ (stealth).
  3695 | D:6      | 3695 ||| Stepping ~*~*~tactically~*~*~ (hiding).
  3811 | D:6      | 3811 ||| Stepping ~*~*~tactically~*~*~ (hiding).
  3814 | D:6      | Reached skill level 10 in Unarmed Combat
  3816 | D:6      | 3816 ||| Stepping ~*~*~tactically~*~*~ (stealth).
  3820 | D:6      | 3820 ||| INVOKING Fiery Armour.
  3823 | D:6      | HP: 18/78 [orc warrior/+0 glaive (8)]
  3824 | D:6      | 3824 ||| READING scroll of teleportation.
  3825 | D:6      | HP: 3/78 [orc warrior/+0 glaive (17)]
  3827 | D:6      | HP: 1/78 [orc warrior/+0 glaive (4)]
  3827 | D:6      | Slain by an orc wizard

Levels and vault maps discovered:
D:1:      minmay_arrival_jagged, layout_loops_ring,
          hellmonk_ecumenical_altar_heavens_door
D:2:      layout_basic, serial_curves, eino_curves_03, eino_curves_01,
          eino_curves_04, eino_curves_01, minivault_23,
          nicolae_kite_square_tiling_tiny, uniq_terence
D:3:      layout_basic, minitemple, minmay_misc_feat_x, kennysheep_jessica_study
D:4:      layout_basic, kennysheep_generic_room_11
D:5:      layout_gridville, mainiacjoe_overflow_small_starburst, uniq_grinder,
          uniq_blork_the_orc
D:6:      layout_basic, serial_shops, nicolae_shop_stone

Skill      XL: |  1  2  3  4  5  6  7  8 |
---------------+-------------------------+-----
Unarmed Combat | 4 5 6 8 9 10 | 10.0
Dodging        | 1 |  1.0
Fighting       | 3 |  3.9
Throwing       | 1 |  1.2
Spellcasting   | |  1.0
Fire Magic     | |  2.1

Action                   |  1- 3 |  4- 6 |  7- 9 || total
-------------------------+-------+-------+-------++-------
Melee: Unarmed           |    73 |    64 |    71 ||   208
       Punch             |     1 |     3 |     1 ||     5
Throw: Boomerang         |    24 |    33 |    13 ||    70
Invok: Fiery Armour      |     2 |     4 |     1 ||     7
  Use: Scroll            |     4 |     3 |     3 ||    10
       Potion            |       |     3 |       ||     3
Armor: Robe              |    23 |    20 |    27 ||    70
Dodge: Dodged            |    24 |    23 |    24 ||    71

Table legend:
 A = Non-vault XP
 B = Vault XP
 C = Vault XP percentage of total XP
 D = Non-vault monster count
 E = Vault monster count
 F = Vault count percentage of total count
                 A         B        C        D         E       F
            +---------+---------+-------+---------+---------+-------
      Total |    1583 |     433 |  21.5 |      86 |       5 |   5.5
            +---------+---------+-------+---------+---------+-------
        D:1 |      33 |       0 |   0.0 |      19 |       0 |   0.0
        D:2 |      23 |      38 |  62.3 |      14 |       1 |   6.7
        D:3 |     179 |      39 |  17.9 |       7 |       2 |  22.2
        D:4 |     179 |       0 |   0.0 |      24 |       0 |   0.0
        D:5 |     666 |     356 |  34.8 |       8 |       2 |  20.0
        D:6 |     503 |       0 |   0.0 |      14 |       0 |   0.0
            +---------+---------+-------+---------+---------+-------
